 Dungeon Crawl Stone Soup version 0.24-a0-581-gc0fa6600bf (webtiles) character file.

Game seed: 5094155767592248540

28964 Ijustatesigmund the Blocker (level 13, -8/107 HPs)
             Began as a Gnoll Fighter on Aug 22, 2019.
             Was a High Priest of Okawaru.
             Killed by divine providence
             ... invoked by a meliai
              (11 damage)
             ... on level 13 of the Dungeon on Aug 23, 2019.
             The game lasted 00:37:33 (13047 turns).

Ijustatesigmund the Blocker (Gnoll Fighter)        Turns: 13047, Time: 00:37:33

Health: -8/107     AC: 21    Str: 18    XL:     13   Next: 42%
Magic:  27/27      EV: 13    Int: 16    God:    Okawaru [*****.]
Gold:   855        SH:  3    Dex: 20    Spells: 28/28 levels left

rFire    . . .     SeeInvis .   V - +10 quarterstaff of Valiance {elec, Int+3 Dex+2}
rCold    . . .     Gourm    .   (shield currently unavailable)
rNeg     . . .     Faith    .   b - +0 chain mail
rPois    .         Spirit   .   o - +1 helmet
rElec    .         Reflect  +   r - +1 cloak
rCorr    .         Harm     .   R - +5 pair of gloves "Vimimn" {MR+}
MR       ++...                  Y - +2 pair of boots {Stlth+}
Stlth    +++.......             s - +3 amulet of reflection
HPRegen  0.67/turn              i - +2 ring of protection
MPRegen  0.20/turn              k - +4 ring of slaying

@: lethally poisoned (-8 -> -15), about to teleport, corroded, studying Stealth
A: distributed training, fangs 1, rugged brown scales 1, high mp 1, magic
resistance 1, regeneration 1, strong nose
a: Heroism, Finesse, Renounce Religion


You were on level 13 of the Dungeon.
You worshipped Okawaru.
Okawaru was extremely pleased with you.
You were not hungry.

You visited 2 branches of the dungeon, and saw 14 of its levels.
You also visited: Bailey.

You collected 1047 gold pieces.
You spent 192 gold pieces at shops.

Inventory:

Hand Weapons
 P - the +5 dagger "Aryexzig" {freeze, rC+}
   (You found it on level 11 of the Dungeon)

   It has been specially enchanted to freeze those struck by it, causing extra
   injury to most foes and up to half again as much damage against particularly
   susceptible opponents.
   It can also slow down cold-blooded creatures.
   It protects you from cold.
 V - the +10 quarterstaff of Valiance (weapon) {elec, Int+3 Dex+2}
   (You acquired it on level 12 of the Dungeon)

   Occasionally, upon striking a foe, it will discharge some electrical energy
   and cause terrible harm.
   It affects your intelligence (+3).
   It affects your dexterity (+2).
 X - a +3 flail of freezing
Missiles
 a - 4 silver boomerangs
 S - a throwing net (quivered)
Armour
 b - a +0 chain mail (worn)
 c - a +1 shield
 o - a +1 helmet (worn)
 r - a +1 cloak (worn)
 R - the +5 pair of gloves "Vimimn" (worn) {MR+}
   (You found it on level 10 of the Dungeon)

   It affects your resistance to hostile enchantments.
 Y - a +2 pair of boots of stealth (worn)
Jewellery
 i - a +2 ring of protection (left hand)
 k - a +4 ring of slaying (right hand)
 s - a +3 amulet of reflection (around neck)
 v - an uncursed ring of flight
 y - an uncursed ring of see invisible
 E - a +4 ring of dexterity
 F - an uncursed amulet of magic regeneration
 T - a cursed amulet of the gourmand
 U - an uncursed ring of resist corrosion
Wands
 d - a wand of digging (15)
 l - a wand of flame (12)
 t - a wand of random effects (22)
 w - a wand of enslavement (6)
 z - a wand of paralysis (14)
 A - a wand of iceblast (16)
 G - a wand of scattershot (2)
 I - a wand of clouds (5)
Scrolls
 j - a scroll of fog
 q - 6 scrolls of remove curse
 x - a scroll of teleportation
 L - 3 scrolls of amnesia
 M - 3 scrolls of magic mapping
 O - 4 scrolls of identify
 Q - a scroll of enchant weapon
Potions
 e - 2 potions of haste
 m - a potion of invisibility
 n - 2 potions of lignification
 p - 2 potions of flight
 u - a potion of cancellation
 C - a potion of berserk rage
 D - 3 potions of curing
 H - a potion of resistance
 J - a potion of brilliance
 N - a potion of magic
 W - 3 potions of mutation
Books
 K - a manual of Stealth
Comestibles
 f - 43 rations
 g - 8 chunks of flesh


   Skills:
 + Level 10.4 Fighting
 + Level 8.1 Short Blades
 + Level 8.1 Long Blades
 + Level 8.1 Axes
 + Level 9.4 Maces & Flails
 + Level 8.1 Polearms
 + Level 8.1 Staves
 + Level 8.1 Slings
 + Level 8.1 Bows
 + Level 8.1 Crossbows
 + Level 8.1 Throwing
 + Level 10.4 Armour
 + Level 8.1 Dodging
 + Level 10.0 Stealth
 + Level 10.4 Shields
 + Level 8.1 Unarmed Combat
 + Level 8.1 Spellcasting
 + Level 6.7 Conjurations
 + Level 6.7 Hexes
 + Level 6.7 Charms
 + Level 6.7 Summonings
 + Level 6.7 Necromancy
 + Level 6.7 Translocations
 + Level 6.7 Transmutations
 + Level 6.7 Fire Magic
 + Level 6.7 Ice Magic
 + Level 6.7 Air Magic
 + Level 6.7 Earth Magic
 + Level 6.7 Poison Magic
 + Level 8.9 Invocations
 + Level 8.1 Evocations


You had 28 spell levels left.
You didn't know any spells.
Your spell library contained the following spells:

 Spells                   Type           Power        Failure   Level  Hunger
 Animate Skeleton         Necr           N/A          6%          1    None
 Beastly Appendage        Tmut           ####..       6%          1    None
 Magic Dart               Conj           ####         6%          1    None
 Pain                     Necr           ####         6%          1    None
 Blink                    Tloc           N/A          9%          2    None
 Call Imp                 Summ           ####....     9%          2    None
 Slow                     Hex            ####....     9%          2    None
 Sticks to Snakes         Tmut           ####....     9%          2    None
 Conjure Flame            Conj/Fire      ####....     17%         3    #......
 Mephitic Cloud           Conj/Pois/Air  ####....     17%         3    #......
 Regeneration             Chrm/Necr      ####......   17%         3    #......
 Spider Form              Tmut/Pois      ####......   17%         3    #......
 Vampiric Draining        Necr           ####......   17%         3    #......
 Animate Dead             Necr           N/A          50%         4    ###....
 Ice Form                 Ice/Tmut       ####....     50%         4    ###....
 Blade Hands              Tmut           ####......   85%         5    #####..
 Bolt of Magma            Conj/Fire/Erth ####......   85%         5    #####..
 Iskenderun's Battlesphe  Conj/Chrm      ####....     85%         5    #####..
 Venom Bolt               Conj/Pois      ####......   85%         5    #####..
 Iron Shot                Conj/Erth      ####......   100%        6    ######.
 Orb of Destruction       Conj           ####......   100%        7    #######
 Spellforged Servitor     Conj/Summ      ####......   100%        7    #######


Dungeon Overview and Level Annotations

Branches:
Dungeon (13/15)            Temple (1/1) D:7            Lair (0/6) D:10
    Orc (0/2) D:10         Bailey (visited)
 Vaults: D:13-14

Altars:
Elyvilon
Fedhas
Hepliaklqana
Kikubaaqudgha
Makhleb
Okawaru
Qazlal
Trog
Uskayaw
Wu Jian
Yredelemnul
The Shining One

Shops:
D:5 !   D:12 (!


Innate Abilities, Weirdness & Mutations

Your experience applies equally to all skills.
You have very sharp teeth.
Your uncanny sense of smell can sniff out nearby items.
You are partially covered in rugged brown scales. (AC +1, +3% HP)
You have an increased reservoir of magic. (+10% MP)
You are resistant to hostile enchantments. (MR+)
Your natural rate of healing is unusually fast.


Message History

As you read the scroll of teleportation, it crumbles to dust.
You feel strangely unstable. The meliai hits you but does no damage.
The meliai stings you.
* * * LOW HITPOINT WARNING * * *
You are poisoned.
The meliai poisons you!
The meliai calls upon its god to heal the meliai.
The meliai's wounds heal themselves!
The meliai closely misses you. The meliai misses you.
You block the meliai's attack. The meliai misses you.
Some of the chunks of flesh in your inventory have rotted away.
You feel better.
The meliai hits you with a +0 broad axe.
* * * LOW HITPOINT WARNING * * *
The meliai stings you.
* * * LOW HITPOINT WARNING * * *
You are lethally poisoned!
The meliai poisons you!
The meliai calls down the wrath of its god upon you.
Something smites you!
You die...

K. ..#..#....#.#.........#...).#
.. ......................#.....'
.K ........#.#.........#(.⌠..'
....... .#..<...#..^......#.....'
###...####....#.#.........#.....#
........ .................#######
...... .................#∆∆
.##...# #...#y.y#####.>.#∆
.##...#####.#.#.@.####.##.#
..#..............[........#∆
..................####..#.#∆∆
.##...#####.#.#..## #(.#.#######
.##)..## #.#.#.(#####.(.........
.......# #.#.#...(...(....##.##.
.))..### #.#.#.........#(.##.##>
.###.# #.#..............##....
.###.# #.###..#####..##.#####)


You could see 2 meliai.

Vanquished Creatures
  A vault guard (D:13)
  A hydra (D:8)
  3 centaur warriors (D:13)
  A two-headed ogre (D:11)
  An orc knight (Bailey)
  4 necromancers (D:13)
  2 manticores
  2 cyclopes (D:13)
  6 slime creatures
  3 ugly things
  Joseph (D:10)
  Maurice (D:12)
  A queen bee (D:9)
  A meliai (D:13)
  A meliai (shapeshifter) (D:13)
  4 trolls
  A hippogriff (D:11)
  2 dream sheep (D:8)
  2 wraiths
  2 wyverns
  20 humans (D:13)
  26 yaks
  Sigmund (D:6)
  Eustachio (D:6)
  3 vampire mosquitoes (D:12)
  An acid dragon (D:12)
  Duvessa (D:6)
  4 porcupines
  4 ice beasts
  2 sky beasts
  6 orc warriors
  7 ogres
  5 phantoms
  6 centaurs
  4 crocodiles
  4 big kobolds
  Blork the orc (D:6)
  5 bullfrogs
  Dowan (D:6)
  4 scorpions
  14 wights
  20 killer bees
  3 howler monkeys (D:7)
  3 crimson imps
  A quasit (D:12)
  8 orc priests
  4 jellies
  3 hounds
  2 bullfrog skeletons
  2 centaur skeletons
  Crazy Yiuf (D:3)
  5 centaur zombies
  10 orc wizards
  2 iguanas
  Ijyb (D:4)
  11 worker ants
  A hound zombie (D:5)
  2 hound skeletons
  Robin (D:3)
  A worker ant zombie (D:6)
  2 gnolls (Bailey)
  13 adders
  2 shadow imps
  An ooze (D:7)
  An adder zombie (D:7)
  4 worms
  A dart slug (D:1)
  4 leopard geckos
  46 orcs
  5 ball pythons (D:5)
  7 giant cockroaches
  28 goblins
  14 hobgoblins
  2 jackals (D:5)
  4 quokkas
  4 bats
  5 frilled lizards
  16 kobolds
  A leopard gecko zombie (D:8)
  A quokka skeleton (D:8)
  A quokka zombie (D:5)
  7 rats
410 creatures vanquished.

Vanquished Creatures (others)
  An orc warrior (Bailey)
  A centaur (D:11)
  2 orcs
  12 kobolds (Bailey)
  3 fungi (D:10)
  2 plants (D:10)
21 creatures vanquished.

Grand Total: 431 creatures vanquished

Notes
Turn   | Place    | Note
-------+----------+-------------------------------------------
     0 | D:1      | Ijustatesigmund the Gnoll Fighter began the quest for the
                  | Orb.
     0 | D:1      | Reached XP level 1. HP: 23/23 MP: 1/1
   235 | D:1      | Reached XP level 2. HP: 29/29 MP: 2/2
   834 | D:2      | Reached XP level 3. HP: 35/35 MP: 3/3
   851 | D:2      | Reached skill level 1 in Invocations
  1111 | D:2      | Reached skill level 1 in Short Blades
  1111 | D:2      | Reached skill level 1 in Long Blades
  1111 | D:2      | Reached skill level 1 in Axes
  1111 | D:2      | Reached skill level 1 in Polearms
  1111 | D:2      | Reached skill level 1 in Staves
  1111 | D:2      | Reached skill level 1 in Slings
  1111 | D:2      | Reached skill level 1 in Bows
  1111 | D:2      | Reached skill level 1 in Crossbows
  1111 | D:2      | Reached skill level 1 in Throwing
  1111 | D:2      | Reached skill level 1 in Dodging
  1111 | D:2      | Reached skill level 1 in Stealth
  1111 | D:2      | Reached skill level 1 in Unarmed Combat
  1111 | D:2      | Reached skill level 1 in Spellcasting
  1111 | D:2      | Reached skill level 1 in Evocations
  1174 | D:2      | Reached XP level 4. HP: 36/41 MP: 5/5
  1700 | D:3      | Noticed Robin
  1715 | D:3      | Killed Robin
  1715 | D:3      | Reached skill level 1 in Conjurations
  1715 | D:3      | Reached skill level 1 in Hexes
  1715 | D:3      | Reached skill level 1 in Charms
  1715 | D:3      | Reached skill level 1 in Summonings
  1715 | D:3      | Reached skill level 1 in Necromancy
  1715 | D:3      | Reached skill level 1 in Translocations
  1715 | D:3      | Reached skill level 1 in Transmutations
  1715 | D:3      | Reached skill level 1 in Fire Magic
  1715 | D:3      | Reached skill level 1 in Ice Magic
  1715 | D:3      | Reached skill level 1 in Air Magic
  1715 | D:3      | Reached skill level 1 in Earth Magic
  1715 | D:3      | Reached skill level 1 in Poison Magic
  1748 | D:3      | Reached XP level 5. HP: 47/47 MP: 6/6
  1765 | D:3      | Noticed Ijyb
  1767 | D:3      | Found a white marble altar of Elyvilon.
  1946 | D:4      | Killed Ijyb
  2238 | D:3      | Found a blossoming altar of Fedhas.
  2290 | D:3      | Reached XP level 6. HP: 41/53 MP: 8/8
  2332 | D:3      | Found a runed translucent door.
  2333 | D:3      | Noticed Crazy Yiuf
  2550 | D:3      | Paralysed by Crazy Yiuf for 2 turns
  2552 | D:3      | Killed Crazy Yiuf
  2631 | D:4      | Reached skill level 5 in Maces & Flails
  2643 | D:4      | Noticed a phantom
  2722 | D:4      | Killed a phantom
  2722 | D:4      | Reached XP level 7. HP: 19/59 MP: 10/10
  3708 | D:5      | Entered Level 5 of the Dungeon
  3803 | D:5      | Reached XP level 8. HP: 67/67 MP: 12/12
  3867 | D:5      | Found Coleid's Distillery.
  3875 | D:5      | Bought a potion of mutation for 96 gold pieces
  3875 | D:5      | Gained mutation: You are partially covered in slimy green
                  | scales. (AC +2) [potion of mutation]
  3875 | D:5      | Gained mutation: Armour fits poorly on your strangely
                  | shaped body. [potion of mutation]
  3875 | D:5      | Gained mutation: Your spells are a little harder to cast,
                  | but a little more powerful. [potion of mutation]
  3875 | D:5      | Gained mutation: You have a pair of small horns on your
                  | head. [potion of mutation]
  3876 | D:5      | Bought a potion of mutation for 96 gold pieces
  3876 | D:5      | Lost mutation: Armour fits poorly on your strangely shaped
                  | body. [potion of mutation]
  3876 | D:5      | Lost mutation: Your spells are a little harder to cast, but
                  | a little more powerful. [potion of mutation]
  3876 | D:5      | Lost mutation: You are partially covered in slimy green
                  | scales. (AC +2) [potion of mutation]
  3876 | D:5      | Lost mutation: You have a pair of small horns on your head.
                  | [potion of mutation]
  3876 | D:5      | Gained mutation: Your mind is acute. (Int +2) [potion of
                  | mutation]
  3876 | D:5      | Gained mutation: You expend magic power (3 MP) to
                  | strengthen your wands. [potion of mutation]
  4035 | D:5      | Found an ancient bone altar of Kikubaaqudgha.
  4035 | D:5      | Found a glowing golden altar of the Shining One.
  4336 | D:5      | Found a glowing drain.
  4561 | D:6      | Noticed Sigmund
  4568 | D:6      | Killed Sigmund
  4588 | D:6      | Noticed Blork the orc
  4595 | D:6      | Killed Blork the orc
  4795 | D:6      | Reached XP level 9. HP: 57/72 MP: 14/14
  4974 | D:6      | Noticed Eustachio
  4994 | D:6      | Killed Eustachio
  5052 | D:6      | Noticed Duvessa
  5052 | D:6      | Noticed Dowan
  5058 | D:6      | Killed Duvessa
  5064 | D:6      | Killed Dowan
  5836 | D:7      | Found a staircase to the Ecumenical Temple.
  6373 | D:6      | Found a hazy altar of Hepliaklqana.
  6373 | D:6      | Found a bloodstained altar of Trog.
  6377 | D:6      | Found a stormy altar of Qazlal.
  6384 | D:6      | Lost mutation: You expend magic power (3 MP) to strengthen
                  | your wands. [potion of mutation]
  6384 | D:6      | Lost mutation: Your mind is acute. (Int +2) [potion of
                  | mutation]
  6384 | D:6      | Gained mutation: You are partially covered in rugged brown
                  | scales. (AC +1, +3% HP) [potion of mutation]
  6384 | D:6      | Gained mutation: You have an increased reservoir of magic.
                  | (+10% MP) [potion of mutation]
  6384 | D:6      | Gained mutation: You are resistant to hostile enchantments.
                  | (MR+) [potion of mutation]
  6384 | D:6      | Gained mutation: Your natural rate of healing is unusually
                  | fast. [potion of mutation]
  6570 | D:8      | Found a flagged portal.
  6580 | Bailey   | Entered a bailey
  6609 | Bailey   | Reached skill level 5 in Invocations
  6612 | Bailey   | Noticed an orc knight
  6657 | Bailey   | Killed an orc knight
  6657 | Bailey   | Reached XP level 10. HP: 74/82 MP: 18/18
  6889 | Temple   | Entered the Ecumenical Temple
  6895 | Temple   | Became a worshipper of Warmaster Okawaru
  7214 | D:8      | Reached skill level 5 in Short Blades
  7214 | D:8      | Reached skill level 5 in Long Blades
  7214 | D:8      | Reached skill level 5 in Axes
  7214 | D:8      | Reached skill level 5 in Polearms
  7214 | D:8      | Reached skill level 5 in Staves
  7214 | D:8      | Reached skill level 5 in Slings
  7214 | D:8      | Reached skill level 5 in Bows
  7214 | D:8      | Reached skill level 5 in Crossbows
  7214 | D:8      | Reached skill level 5 in Throwing
  7214 | D:8      | Reached skill level 5 in Dodging
  7214 | D:8      | Reached skill level 5 in Stealth
  7214 | D:8      | Reached skill level 5 in Unarmed Combat
  7214 | D:8      | Reached skill level 5 in Spellcasting
  7214 | D:8      | Reached skill level 5 in Evocations
  7315 | D:8      | Reached * piety under Okawaru
  7368 | D:8      | Noticed a two-headed hydra
  7390 | D:8      | Killed a two-headed hydra
  7699 | D:8      | Reached ** piety under Okawaru
  8397 | D:9      | Reached XP level 11. HP: 89/89 MP: 21/21
  8847 | D:10     | Entered Level 10 of the Dungeon
  8857 | D:10     | Found a staircase to the Lair.
  8934 | D:10     | Reached *** piety under Okawaru
  8960 | D:9      | Reached skill level 5 in Conjurations
  8960 | D:9      | Reached skill level 5 in Hexes
  8960 | D:9      | Reached skill level 5 in Charms
  8960 | D:9      | Reached skill level 5 in Summonings
  8960 | D:9      | Reached skill level 5 in Necromancy
  8960 | D:9      | Reached skill level 5 in Translocations
  8960 | D:9      | Reached skill level 5 in Transmutations
  8960 | D:9      | Reached skill level 5 in Fire Magic
  8960 | D:9      | Reached skill level 5 in Ice Magic
  8960 | D:9      | Reached skill level 5 in Air Magic
  8960 | D:9      | Reached skill level 5 in Earth Magic
  8960 | D:9      | Reached skill level 5 in Poison Magic
  9172 | D:10     | Found a staircase to the Orcish Mines.
  9238 | D:10     | Reached **** piety under Okawaru
  9657 | D:10     | Noticed Joseph
  9681 | D:10     | Killed Joseph
  9784 | D:10     | Got a pair of smoking gloves
  9804 | D:10     | Identified the +5 pair of gloves "Vimimn" {MR+} (You found
                  | it on level 10 of the Dungeon)
  9818 | D:10     | You fall into a shaft and drop 3 floors!
  9818 | D:13     | Noticed a purple ugly thing
  9840 | D:12     | Found Foutz's Antique Weapon Emporium.
  9913 | D:11     | Noticed a manticore
  9956 | D:11     | Killed a manticore
  9956 | D:11     | Received a gift from Okawaru
 10549 | D:11     | Noticed a two-headed ogre
 10576 | D:11     | Killed a two-headed ogre
 10576 | D:11     | Received a gift from Okawaru
 10576 | D:11     | Reached XP level 12. HP: 44/98 MP: 24/24
 10868 | D:11     | Got a smoking dagger
 10869 | D:11     | Identified the +5 dagger "Aryexzig" {freeze, rC+} (You
                  | found it on level 11 of the Dungeon)
 11531 | D:11     | Reached ***** piety under Okawaru
 11587 | D:12     | Noticed Maurice
 11597 | D:12     | Killed Maurice
 11729 | D:12     | Received a gift from Okawaru
 11811 | D:12     | Found Kiviufuc's Distillery.
 12045 | D:12     | Identified a scroll of acquirement
 12048 | D:12     | Got an ancient quarterstaff
 12054 | D:12     | Identified the +10 quarterstaff of Valiance {elec, Int+3
                  | Dex+2} (You acquired it on level 12 of the Dungeon)
 12261 | D:13     | Noticed a centaur warrior
 12275 | D:13     | Killed a centaur warrior
 12275 | D:13     | Received a gift from Okawaru
 12350 | D:13     | Noticed a centaur warrior
 12351 | D:13     | Received a gift from Okawaru
 12357 | D:13     | Killed a centaur warrior
 12364 | D:13     | Reached skill level 10 in Fighting
 12364 | D:13     | Reached skill level 10 in Armour
 12364 | D:13     | Reached skill level 10 in Shields
 12390 | D:13     | Upgraded the game from 0.24-a0-580-g6a6c3f83c1 to
                  | 0.24-a0-581-gc0fa6600bf
 12746 | D:13     | Reached XP level 13. HP: 106/106 MP: 27/27
 12909 | D:13     | Noticed a vault guard
 12936 | D:13     | Reached skill level 10 in Stealth
 12941 | D:13     | Killed a vault guard
 12948 | D:13     | Received a gift from Okawaru
 13044 | D:13     | HP: 2/107 [meliai/divine providence (14)]
 13047 | D:13     | Killed from afar by a meliai

Levels and vault maps discovered:
D:1:      dpeg_arrival_simpleton_c, layout_basic
D:2:      layout_basic, first_ration
D:3:      layout_rooms, elyvilon_altar_5, fedhas_altar_4, uniq_ijyb,
          uniq_crazy_yiuf_cottage, uniq_robin
D:4:      layout_rooms, minmay_misc_feat_cross
D:5:      layout_basic, gammafunk_temple_overflow_elements,
          portal_sewer_entry_b, serial_shops,
          nicolae_shop_competitors_out_of_business, kennysheep_generic_room_11
D:6:      layout_loops_ring, nicolae_overflow_hidden_temple,
          grunt_ministairs_13, kennysheep_nondescript, uniq_duvessa,
          uniq_eustachio, uniq_blork_the_orc, uniq_sigmund
D:7:      layout_basic, minmay_temple_entry_stoned_glass
D:8:      layout_basic, enter_bailey_8, hangedman_ranch
          [blue_anna_fruit_fields], minmay_manual_macuahuitl
D:9:      layout_layer_cave, minivault_7
D:10:     layout_stronghold, minmay_lair_entry_grove, orc_david_3,
          serial_rivers, chequers_serial_rivers_marsh,
          chequers_serial_rivers_marsh, chequers_serial_rivers_marsh,
          chequers_serial_rivers_micro_c, chequers_serial_rivers_large_a,
          chequers_serial_rivers_micro_c, minmay_misc_feat_five, uniq_joseph
D:11:     layout_loops_corners, moated_statue, kennysheep_generic_room_8
D:12:     layout_gridville, serial_shops, nicolae_shop_crystal, shop,
          uniq_maurice
D:13:     layout_basic, grunt_vaults_entry_tiered
Temple:   eino_temple_rhombus

Skill      XL: |  1  2  3  4  5  6  7  8  9 10 11 12 13 |
---------------+----------------------------------------+-----
Invocations    | 1 2 3 4 5 6 7 8 |  8.9
Short Blades   | 1 2 3 4 5 6 7 8 |  8.1
Long Blades    | 1 2 3 4 5 6 7 8 |  8.1
Axes           | 1 2 3 4 5 6 7 8 |  8.1
Polearms       | 1 2 3 4 5 6 7 8 |  8.1
Staves         | 1 2 3 4 5 6 7 8 |  8.1
Slings         | 1 2 3 4 5 6 7 8 |  8.1
Bows           | 1 2 3 4 5 6 7 8 |  8.1
Crossbows      | 1 2 3 4 5 6 7 8 |  8.1
Throwing       | 1 2 3 4 5 6 7 8 |  8.1
Dodging        | 1 2 3 4 5 6 7 8 |  8.1
Stealth        | 1 2 3 4 5 7 9 10 | 10.0
Unarmed Combat | 1 2 3 4 5 6 7 8 |  8.1
Spellcasting   | 1 2 3 4 5 6 7 8 |  8.1
Evocations     | 1 2 3 4 5 6 7 8 |  8.1
Conjurations   | 1 2 3 4 5 6 |  6.7
Hexes          | 1 2 3 4 5 6 |  6.7
Charms         | 1 2 3 4 5 6 |  6.7
Summonings     | 1 2 3 4 5 6 |  6.7
Necromancy     | 1 2 3 4 5 6 |  6.7
Translocations | 1 2 3 4 5 6 |  6.7
Transmutations | 1 2 3 4 5 6 |  6.7
Fire Magic     | 1 2 3 4 5 6 |  6.7
Ice Magic      | 1 2 3 4 5 6 |  6.7
Air Magic      | 1 2 3 4 5 6 |  6.7
Earth Magic    | 1 2 3 4 5 6 |  6.7
Poison Magic   | 1 2 3 4 5 6 |  6.7
Maces & Flails | 5 6 7 8 9 |  9.4
Fighting       | 7 8 9 10 | 10.4
Armour         | 7 8 9 10 | 10.4
Shields        | 7 8 9 10 | 10.4

Action                   |  1- 3 |  4- 6 |  7- 9 | 10-12 | 13-15 || total
-------------------------+-------+-------+-------+-------+-------++-------
Melee: Flail             |    90 |   224 |   235 |   185 |       ||   734
       Bite              |    10 |    31 |    80 |   264 |    21 ||   406
       Short sword       |       |       |   243 |  1108 |       ||  1351
       Quarterstaff      |       |       |       |   127 |   132 ||   259
Throw: Throwing net      |       |       |       |     1 |       ||     1
Invok: Heroism           |       |       |       |    10 |     1 ||    11
Evoke: Wand              |       |       |    15 |     8 |       ||    23
  Use: Scroll            |     7 |     5 |    11 |    11 |     3 ||    37
       Potion            |       |     2 |     3 |     1 |     4 ||    10
 Stab: Invisible         |       |     5 |       |       |       ||     5
       Paralysed         |       |       |       |     1 |       ||     1
  Eat: Chunk             |       |     6 |    13 |    22 |     2 ||    43
Armor: Scale mail        |    29 |   112 |       |       |       ||   141
       Chain mail        |       |    40 |   157 |   486 |    85 ||   768
Dodge: Dodged            |    20 |   114 |    83 |   380 |    81 ||   678
Block: Shield            |    69 |   219 |   368 |   866 |       ||  1522
       Reflection        |       |       |    47 |    29 |       ||    76
       Other             |       |       |       |    20 |     9 ||    29

Table legend:
 A = Non-vault XP
 B = Vault XP
 C = Vault XP percentage of total XP
 D = Non-vault monster count
 E = Vault monster count
 F = Vault count percentage of total count
                 A         B        C        D         E       F
            +---------+---------+-------+---------+---------+-------
      Total |   25443 |   15935 |  38.5 |     288 |     136 |  32.1
            +---------+---------+-------+---------+---------+-------
        D:1 |      26 |       0 |   0.0 |      15 |       0 |   0.0
        D:2 |      67 |       0 |   0.0 |      16 |       0 |   0.0
        D:3 |     177 |      78 |  30.6 |      26 |      14 |  35.0
        D:4 |     668 |      33 |   4.7 |      32 |       1 |   3.0
        D:5 |     571 |     138 |  19.5 |      23 |      10 |  30.3
        D:6 |     438 |     792 |  64.4 |      12 |       7 |  36.8
        D:7 |     879 |       0 |   0.0 |      16 |       0 |   0.0
        D:8 |    1057 |    2334 |  68.8 |      18 |      13 |  41.9
        D:9 |    1605 |    1903 |  54.2 |      16 |      21 |  56.8
       D:10 |    1537 |    2041 |  57.0 |      18 |      13 |  41.9
       D:11 |    6809 |     115 |   1.7 |      38 |       1 |   2.6
       D:12 |    2117 |     433 |  17.0 |      15 |       1 |   6.2
       D:13 |    9492 |    7298 |  43.5 |      43 |      25 |  36.8
     Bailey |       0 |     770 | 100.0 |       0 |      30 | 100.0
            +---------+---------+-------+---------+---------+-------
